 Dungeon Crawl Stone Soup version 0.30-b1-2-g02819fbbbe (webtiles) character file.

Game seed: 17862154489164723015

322 Alarkh the Insei (level 6, 0/48 HPs)
             Began as a Demonspawn Chaos Knight on May 21, 2023.
             Was a Plaything of Xom.
             Slain by an iguana (7 damage)
             ... on level 5 of the Dungeon.
             The game lasted 00:06:16 (4211 turns).

Alarkh the Insei (Demonspawn Chaos Knight)          Turns: 4211, Time: 00:06:16

Health: 0/48       AC: 14    Str: 12    XL:     6   Next: 22%
Magic:  6/6        EV:  9    Int: 15    God:    Xom [*.....]
Gold:   205        SH:  4    Dex: 13    Spells: 5/5 levels left

rFire   . .          .
                       - Unarmed
rCold   + . .        (no shield)
rNeg    . . .        t - +4 scale mail {rC+}
rPois   .            (helmet restricted)
rElec   .            (no cloak)
rCorr   .            (no gloves)
SInv    .            (no boots)
Will    +....        l - amulet of the acrobat
Stlth   +            A - +4 ring of protection
HPRegen 0.28/turn    k - ring of willpower
MPRegen 0.10/turn

%: acrobat
@: no status effects
A: antennae 1, powered by death 1, hooves 1, large bone plates 1, mutation
resistance 1
a: Renounce Religion


You were on level 5 of the Dungeon.
You worshipped Xom.
You were a special plaything of Xom.
You visited 2 branches of the dungeon, and saw 6 of its levels.

You collected 205 gold pieces.

Inventory:

Armour
 a - a +2 leather armour
 n - a +0 helmet
 t - a +4 scale mail of cold resistance (worn)
 w - an orb of energy
Jewellery
 f - a ring of resist corrosion
 k - a ring of willpower (right hand)
 l - an amulet of the acrobat (around neck)
 A - a +4 ring of protection (left hand)
Wands
 s - a wand of flame (9)
 v - a wand of polymorph (8)
Scrolls
 e - a scroll of silence {unknown}
 g - 2 scrolls of amnesia
 h - 2 scrolls of enchant weapon {unknown}
 i - a scroll of enchant armour {unknown}
 o - a scroll of fog {unknown}
 q - a scroll of teleportation {unknown}
 r - a scroll of identify
 u - a scroll of brand weapon
 y - a scroll of torment {unknown}
Potions
 c - 2 potions of degeneration
 d - 5 potions of curing
 j - a potion of flight
 m - 2 potions of attraction
 p - a potion of brilliance
 x - a potion of mutation
 z - a potion of heal wounds {unknown}
 B - a potion of lignification {unknown}
 C - 2 potions of cancellation {unknown}
Miscellaneous
 b - a piece from Xom's chessboard (15/15) (quivered)


   Skills:
 + Level 3.9 Fighting
 + Level 2.2 Armour
 + Level 2.0 Dodging
 + Level 2.1 Stealth
 * Level 4.2 Unarmed Combat
 + Level 2.2 Evocations


You had 5 spell levels left.
You didn't know any spells.
Your spell library contained the following spells:

 Spells                   Type           Power      Damage    Failure   Level
 Call Canine Familiar     Summ           0%         N/A       99%         3
 Portal Projectile        Hex/Tloc       0%         N/A       99%         3
 Leda's Liquefaction      Hex/Erth       0%         N/A       100%        4


Dungeon Overview and Level Annotations

Branches:
Dungeon (5/15)             Temple (1/1) D:4

Altars:
Fedhas
Gozag
Hepliaklqana
Kikubaaqudgha
Makhleb
Nemelex Xobeh
Okawaru
Sif Muna
Trog
Uskayaw
Vehumet
Wu Jian
Xom
Yredelemnul


Innate Abilities, Weirdness & Mutations

You have a pair of small antennae on your head.
You regenerate a little health from kills.
You have large cloven feet.
You are partially covered in large bone plates. (SH +4)
You are somewhat resistant to further mutation.


Message History

The shadow imp gestures at you. Pain shoots through your body!
The iguana closely misses you.
You barely miss the iguana. You kick the iguana, but do no damage.
The iguana is heavily wounded.
The shadow imp barely misses you.
The iguana bites you but does no damage.
You hit the iguana but do no damage.
The iguana is heavily wounded.
The shadow imp hits you but does no damage.
The iguana bites you but does no damage.
You barely miss the iguana.
The iguana is heavily wounded.
The shadow imp gestures at you. Pain shoots through your body!
The iguana bites you!
You are too injured to fight recklessly!
You are too injured to fight recklessly!
Unknown command.
Unknown command.
Unknown command.
You hit the iguana.
The iguana is heavily wounded.
The iguana barely misses you. The shadow imp barely misses you.
You hit the iguana but do no damage. You kick the iguana.
The iguana is severely wounded.
The shadow imp hits you.
The iguana bites you but does no damage.
You barely miss the iguana. Your kick misses the iguana.
The iguana is severely wounded.
The shadow imp misses you. The iguana barely misses you.
You hit the iguana.
The iguana is severely wounded.
The iguana bites you!
* * * LOW HITPOINT WARNING * * *
The shadow imp hits you but does no damage.
You hit the iguana.
The iguana is almost dead.
The shadow imp shouts, "Leave, thou frothy base-court guttersnipe!"
The shadow imp barely misses you. The iguana bites you!
You die... "It's all fun and games until someone loses an eye."

................
.................
................#
...............#
..............#
..............#
.......<.....#
........5.l.##
##.....#.@..#
###.####..## ##
##..# .... ##...
###.. .


You could see an iguana and a shadow imp.

Vanquished Creatures
  A howler monkey (Temple)
  A crimson imp (D:4)
  A hound (D:4)
  An orc wizard (D:4)
  An iguana (D:4)
  3 adders
  4 worms
  5 orcs
  4 ball pythons
  7 bats
  An endoplasm (D:4)
  2 giant cockroaches
  6 hobgoblins
  5 jackals
  6 kobolds
  3 quokkas
  A frilled lizard (D:1)
  5 goblins
  2 rats
59 creatures vanquished.

Vanquished Creatures (collateral kills)
  Ijyb (D:3)
  Robin (D:3)
  7 goblins (D:3)
  2 hobgoblins (D:3)
  A rat (D:3)
12 creatures vanquished.

Vanquished Creatures (others)
  A phantom (D:4)
1 creature vanquished.

Grand Total: 72 creatures vanquished

Notes
Turn   | Place    | Note
-------+----------+-------------------------------------------
     0 | D:1      | Alarkh the Demonspawn Chaos Knight began the quest for the
                  | Orb.
     0 | D:1      | Reached XP level 1. HP: 18/18 MP: 1/1
   253 | D:1      | XOM: potion effect (brilliance)
   273 | D:1      | Gained mutation: You regenerate a little health from kills.
                  | [demonic ancestry]
   273 | D:1      | Reached XP level 2. HP: 19/24 MP: 2/2
   275 | D:1      | Reached skill level 3 in Unarmed Combat
   282 | D:1      | XOM: divination: magic mapping
   901 | D:2      | Reached skill level 1 in Dodging
   901 | D:2      | Reached skill level 1 in Evocations
   901 | D:2      | Reached XP level 3. HP: 29/29 MP: 3/3
   978 | D:2      | Reached skill level 1 in Stealth
  1237 | D:2      | XOM: potion effect (heal wounds)
  1266 | D:2      | XOM: scenery: 1 doors open
  1619 | D:2      | XOM: give mutations
  1619 | D:2      | Gained mutation: You are somewhat resistant to further
                  | mutation. [Xom's grace]
  1619 | D:2      | Gained mutation: You have large cloven feet. [Xom's grace]
  1619 | D:2      | Gained mutation: You are partially covered in large bone
                  | plates. (SH +4) [Xom's grace]
  2156 | D:3      | Noticed Robin
  2174 | D:3      | Killed Robin
  2175 | D:3      | Reached XP level 4. HP: 29/35 MP: 4/4
  2277 | D:3      | XOM: scenery: summon butterflies
  2330 | D:3      | Found a shimmering blue altar of Sif Muna.
  2394 | D:3      | Noticed Ijyb
  2427 | D:3      | Killed Ijyb
  2535 | D:3      | XOM: god gift: 26 gold pieces
  2727 | D:3      | XOM: cloud trail
  2810 | D:4      | XOM: divination: detect creatures
  2932 | D:4      | Found a staircase to the Ecumenical Temple.
  2953 | D:4      | XOM: confuse monster(s)
  2969 | Temple   | Entered the Ecumenical Temple
  3232 | Temple   | Reached XP level 5. HP: 33/42 MP: 5/5
  3430 | D:4      | XOM: potion effect (haste)
  3463 | D:4      | XOM: silly message
  3715 | D:4      | Reached skill level 4 in Unarmed Combat
  3734 | D:4      | XOM: silly message
  3909 | D:4      | XOM: blink monster(s)
  3977 | D:4      | Noticed a phantom
  3985 | D:4      | Killed a phantom
  3985 | D:4      | XOM: divine lightning
  3986 | D:4      | Gained mutation: You have a pair of small antennae on your
                  | head. [demonic ancestry]
  3986 | D:4      | Reached XP level 6. HP: 46/48 MP: 6/6
  4083 | D:4      | Found a burning altar of Makhleb.
  4084 | D:4      | Found a radiant altar of Vehumet.
  4112 | D:4      | XOM: noise
  4180 | D:4      | XOM: summons 4 hostile demons
  4190 | D:5      | Entered Level 5 of the Dungeon
  4211 | D:5      | Slain by an iguana

Illustrated notes

Levels and vault maps discovered:
D:1:      dpeg_arrival_boxes_within_box, layout_basic, nicolae_wormholes
D:2:      wander_river, layout_basic
D:3:      layout_loops_ring, amcnicky_altar_gilded, uniq_robin, uniq_ijyb
D:4:      layout_layer_cave, grunt_temple_overflow_lords_of_destruction,
          minmay_temple_entry_hall
D:5:      layout_cave_pods, old_standard_altar
Temple:   nicolae_temple_bog_church

Skill      XL: |  1  2  3  4  5 |
---------------+----------------+-----
Unarmed Combat | 3 4 |  4.2
Dodging        | 1 2 |  2.0
Evocations     | 1 2 |  2.2
Stealth        | 1 2 |  2.1
Armour         | 2 |  2.2
Fighting       | |  3.9

Action                     |  1- 3 |  4- 6 || total
---------------------------+-------+-------++-------
  Melee: Unarmed           |   189 |   212 ||   401
         Punch             |     2 |    10 ||    12
         Kick              |    16 |    48 ||    64
  Evoke: Piece from Xom's  |     5 |     1 ||     6
    Use: Potion            |     1 |     2 ||     3
         Scroll            |     1 |     6 ||     7
   Stab: Petrified         |    24 |       ||    24
 Armour: Leather armour    |    53 |    11 ||    64
         Scale mail        |       |    88 ||    88
  Dodge: Dodged            |   111 |   119 ||   230
  Block: Other             |    17 |    29 ||    46
